2955 views
Uploaded 2020-03-26 23:04:52
Game version 1.32.3
32:31 long 3on3 ladder game on (8)Battleground_LV
Saved by BEARAND
2955 views
Uploaded 2020-03-26 23:04:52
Game version 1.32.3
32:31 long 3on3 ladder game on (8)Battleground_LV


/ 3.2k
55 buildings @ 9.8k
/ 5.2k

| Wisp | 18 | 1080 | / | 0 |
| Hippogryph | 28 | 4480 | / | 560 |
| Chimaera | 8 | 2640 | / | 560 |
| total: | 54 | 8200g | / | 1120w |
| Ancient Protector | 4 | 540 | / | 320 |
| Altar of Elders | 1 | 180 | / | 50 |
| Moon Well | 7 | 1260 | / | 280 |
| Hunter's Hall | 1 | 210 | / | 100 |
| Tree of Life | 2 | 680 | / | 370 |
| Ancient of Wind | 2 | 300 | / | 280 |
| Chimaera Roost | 2 | 280 | / | 380 |
| Tree of Ages | 1 | 320 | / | 180 |
| Tree of Eternity | 1 | 330 | / | 200 |
| total: | 19 | 3450g | / | 1780w |
| 0:04 | Wisp |
| 0:05 | Wisp |
| 0:09 | Altar of Elders |
| 0:11 | Moon Well |
| 0:18 | Wisp |
| 0:36 | Wisp |
| 0:37 | Wisp |
| 1:07 | Hunter's Hall |
| 1:17 | Wisp |
| 1:20 | Wisp |
| 1:32 | Wisp |
| 1:55 | Wisp |
| 2:11 | Ancient Protector |
| 2:15 | Ancient Protector |
| 2:17 | Wisp |
| 2:28 | Ancient Protector |
| 2:41 | Searing Arrows |
| 3:17 | Tree of Ages |
| 3:25 | Moon Well |
| 3:51 | Moon Well |
| 3:56 | Ancient Protector |
| 4:49 | Moon Well |
| 5:40 | Tree of Eternity |
| 5:47 | Ancient of Wind |
| 6:12 | Moon Well |
| 6:53 | Hippogryph |
| 6:54 | Hippogryph |
| 7:56 | Hippogryph |
| 8:04 | Chimaera Roost |
| 8:08 | Chimaera Roost |
| 8:13 | Wisp |
| 8:13 | Wisp |
| 8:37 | Hippogryph |
| 8:39 | Hippogryph |
| 8:53 | Wisp |
| 8:55 | Ultravision |
| 9:29 | Chimaera |
| 9:32 | Chimaera |
| 9:36 | Strength of the Wild |
| 9:59 | Hippogryph |
| 10:05 | Hippogryph |
| 10:14 | Chimaera |
| 10:15 | Chimaera |
| 10:57 | Trueshot Aura |
| 11:03 | Hippogryph |
| 11:05 | Improved Strength of the Wild |
| 11:16 | Moon Well |
| 11:47 | Corrosive Breath |
| 11:49 | Hippogryph |
| 11:49 | Hippogryph |
| 12:19 | Advanced Strength of the Wild |
| 12:55 | Trueshot Aura |
| 13:40 | Chimaera |
| 14:40 | Searing Arrows |
| 15:17 | Tree of Life |
| 15:34 | Hippogryph |
| 17:09 | Chimaera |
| 17:10 | Hippogryph |
| 17:27 | Moon Well |
| 17:39 | Wisp |
| 17:40 | Wisp |
| 17:46 | Wisp |
| 18:13 | Wisp |
| 18:17 | Wisp |
| 18:27 | Hippogryph |
| 18:36 | Well Spring |
| 20:02 | Trueshot Aura |
| 20:50 | Chimaera |
| 20:51 | Chimaera |
| 20:53 | Hippogryph |
| 20:53 | Hippogryph |
| 20:53 | Hippogryph |
| 20:53 | Hippogryph |
| 20:57 | Reinforced Hides |
| 21:22 | Ancient of Wind |
| 22:09 | Hippogryph |
| 22:34 | Hippogryph |
| 22:35 | Hippogryph |
| 22:35 | Hippogryph |
| 22:38 | Hippogryph |
| 22:38 | Hippogryph |
| 23:07 | Improved Reinforced Hides |
| 24:04 | Starfall |
| 24:32 | Hippogryph |
| 24:50 | Hippogryph |
| 25:36 | Hippogryph |
| 25:46 | Hippogryph |
| 25:48 | Hippogryph |
| 25:52 | Advanced Reinforced Hides |
| 26:39 | Tree of Life |
| Right click | 556 |
| Select | 452 |
| Build/train/purchase | 90 |
| Select group | 35 |
| Chat | 15 |
| Assign group | 9 |
| Use ability | 5 |
| Minimap ping | 4 |
| Remove unit | 1 |

| Wisp | 16 | 960 | / | 0 |
| Hippogryph | 20 | 3200 | / | 400 |
| Chimaera | 8 | 2640 | / | 560 |
| total: | 44 | 6800g | / | 960w |
| Ancient Protector | 3 | 405 | / | 240 |
| Altar of Elders | 1 | 180 | / | 50 |
| Moon Well | 7 | 1260 | / | 280 |
| Hunter's Hall | 1 | 210 | / | 100 |
| Ancient of Wind | 3 | 450 | / | 420 |
| Chimaera Roost | 2 | 280 | / | 380 |
| Tree of Ages | 1 | 320 | / | 180 |
| Tree of Eternity | 1 | 330 | / | 200 |
| total: | 17 | 2785g | / | 1470w |
| 0:03 | Wisp |
| 0:03 | Wisp |
| 0:04 | Wisp |
| 0:08 | Altar of Elders |
| 0:12 | Moon Well |
| 0:20 | Wisp |
| 0:45 | Wisp |
| 0:58 | Wisp |
| 1:13 | Hunter's Hall |
| 1:36 | Wisp |
| 1:36 | Wisp |
| 1:36 | Wisp |
| 1:56 | Wisp |
| 2:27 | Immolation |
| 2:35 | Ancient Protector |
| 2:38 | Ancient Protector |
| 2:41 | Ancient Protector |
| 3:13 | Wisp |
| 3:13 | Wisp |
| 3:13 | Wisp |
| 3:57 | Tree of Ages |
| 4:51 | Moon Well |
| 4:56 | Moon Well |
| 6:09 | Moon Well |
| 6:18 | Tree of Eternity |
| 6:27 | Ancient of Wind |
| 7:11 | Strength of the Wild |
| 7:11 | Reinforced Hides |
| 7:11 | Ultravision |
| 7:36 | Moon Well |
| 8:14 | Improved Strength of the Wild |
| 8:19 | Moon Well |
| 8:40 | Chimaera Roost |
| 8:42 | Chimaera Roost |
| 8:44 | Wisp |
| 8:44 | Wisp |
| 8:58 | Moon Well |
| 9:28 | Hippogryph |
| 9:28 | Hippogryph |
| 9:28 | Hippogryph |
| 9:29 | Hippogryph |
| 9:29 | Hippogryph |
| 10:05 | Chimaera |
| 10:15 | Corrosive Breath |
| 10:57 | Chimaera |
| 11:03 | Hippogryph |
| 11:13 | Chimaera |
| 11:53 | Advanced Strength of the Wild |
| 12:26 | Hippogryph |
| 13:41 | Chimaera |
| 13:43 | Improved Reinforced Hides |
| 14:45 | Chimaera |
| 16:31 | Advanced Reinforced Hides |
| 17:08 | Chimaera |
| 18:32 | Chimaera |
| 18:35 | Chimaera |
| 20:49 | Hippogryph |
| 20:49 | Hippogryph |
| 20:50 | Hippogryph |
| 20:50 | Hippogryph |
| 20:50 | Hippogryph |
| 20:50 | Hippogryph |
| 20:50 | Hippogryph |
| 20:50 | Hippogryph |
| 20:50 | Hippogryph |
| 21:30 | Ancient of Wind |
| 21:35 | Ancient of Wind |
| 21:42 | Wisp |
| 22:49 | Hippogryph |
| 22:50 | Hippogryph |
| 22:52 | Hippogryph |
| 24:29 | Hippogryph |
| Right click | 804 |
| Select | 494 |
| Build/train/purchase | 62 |
| Resource trade | 41 |
| Chat | 14 |
| Use ability | 11 |
| Remove unit | 8 |
| Misc. action | 2 |
| Minimap ping | 2 |

| Wisp | 24 | 1440 | / | 0 |
| Hippogryph | 17 | 2720 | / | 340 |
| Chimaera | 11 | 3630 | / | 770 |
| total: | 52 | 7790g | / | 1110w |
| Ancient Protector | 4 | 540 | / | 320 |
| Moon Well | 6 | 1080 | / | 240 |
| Altar of Elders | 1 | 180 | / | 50 |
| Hunter's Hall | 1 | 210 | / | 100 |
| Tree of Life | 3 | 1020 | / | 555 |
| Ancient of Wind | 2 | 300 | / | 280 |
| Chimaera Roost | 2 | 280 | / | 380 |
| Tree of Ages | 1 | 320 | / | 180 |
| Tree of Eternity | 1 | 330 | / | 200 |
| total: | 19 | 3610g | / | 1925w |
| 0:03 | Wisp |
| 0:13 | Moon Well |
| 0:16 | Altar of Elders |
| 0:17 | Wisp |
| 0:18 | Wisp |
| 0:23 | Wisp |
| 0:23 | Wisp |
| 0:41 | Wisp |
| 0:41 | Wisp |
| 0:42 | Wisp |
| 0:54 | Wisp |
| 1:11 | Hunter's Hall |
| 1:17 | Wisp |
| 1:29 | Wisp |
| 1:30 | Wisp |
| 1:42 | Wisp |
| 1:47 | Wisp |
| 2:25 | Ancient Protector |
| 2:29 | Ancient Protector |
| 2:33 | Wisp |
| 2:42 | Ancient Protector |
| 2:46 | Wisp |
| 2:47 | Wisp |
| 2:54 | Force of Nature |
| 3:35 | Tree of Ages |
| 3:44 | Moon Well |
| 4:00 | Ancient Protector |
| 4:33 | Moon Well |
| 5:05 | Moon Well |
| 6:01 | Tree of Eternity |
| 6:07 | Ancient of Wind |
| 6:31 | Moon Well |
| 6:37 | Strength of the Wild |
| 7:36 | Ancient of Wind |
| 8:24 | Wisp |
| 8:25 | Wisp |
| 8:33 | Chimaera Roost |
| 8:48 | Chimaera Roost |
| 8:51 | Hippogryph |
| 9:19 | Hippogryph |
| 9:35 | Improved Strength of the Wild |
| 9:40 | Hippogryph |
| 9:59 | Ultravision |
| 10:01 | Chimaera |
| 10:14 | Chimaera |
| 10:40 | Chimaera |
| 10:51 | Chimaera |
| 11:10 | Moon Well |
| 11:28 | Hippogryph |
| 12:02 | Corrosive Breath |
| 12:06 | Reinforced Hides |
| 12:40 | Chimaera |
| 12:45 | Druid of the Talon Adept Training |
| 15:10 | Chimaera |
| 15:22 | Hippogryph |
| 15:55 | Hippogryph |
| 15:57 | Hippogryph |
| 16:22 | Hippogryph |
| 16:43 | Tree of Life |
| 17:12 | Hippogryph |
| 19:17 | Wisp |
| 19:17 | Wisp |
| 19:17 | Wisp |
| 19:17 | Wisp |
| 19:17 | Wisp |
| 19:29 | Chimaera |
| 20:19 | Hippogryph |
| 20:24 | Chimaera |
| 20:27 | Chimaera |
| 20:47 | Hippogryph |
| 20:49 | Hippogryph |
| 21:25 | Tree of Life |
| 22:01 | Hippogryph |
| 24:28 | Hippogryph |
| 24:29 | Hippogryph |
| 24:30 | Hippogryph |
| 24:35 | Chimaera |
| 25:52 | Hippogryph |
| 25:56 | Chimaera |
| 28:05 | Tree of Life |
| Right click | 351 |
| Select | 291 |
| Build/train/purchase | 67 |
| Use ability | 13 |
| Resource trade | 5 |
| Remove unit | 4 |
| Minimap ping | 3 |
| Assign group | 2 |
150 units @ 14.4k
/ 1k
217 buildings @ 18.6k
/ 9.6k



| Orb of Venom | 1 | 325 |
| Boots of Speed | 3 | 750 |
| Staff of Teleportation | 3 | 450 |
| Circlet of Nobility | 4 | 700 |
| Periapt of Vitality | 2 | 650 |
| Staff of Sanctuary | 3 | 750 |
| total: | 16 | 3625g |
| Wisp | 67 | 4020 | / | 0 |
| total: | 67 | 4020g | / | 0w |
| Altar of Elders | 1 | 180 | / | 50 |
| Moon Well | 9 | 1620 | / | 360 |
| Tree of Life | 12 | 4080 | / | 2220 |
| Ancient of Wonders | 3 | 270 | / | 90 |
| Hunter's Hall | 1 | 210 | / | 100 |
| Ancient of Wind | 2 | 300 | / | 280 |
| Tree of Ages | 1 | 320 | / | 180 |
| Tree of Eternity | 1 | 330 | / | 200 |
| total: | 28 | 6660g | / | 3100w |
| 0:04 | Wisp |
| 0:04 | Wisp |
| 0:07 | Altar of Elders |
| 0:11 | Moon Well |
| 0:18 | Wisp |
| 0:27 | Moon Well |
| 0:33 | Wisp |
| 0:45 | Wisp |
| 0:51 | Wisp |
| 1:07 | Wisp |
| 1:11 | Wisp |
| 1:30 | Wisp |
| 1:44 | Wisp |
| 1:44 | Wisp |
| 1:58 | Wisp |
| 1:59 | Wisp |
| 2:06 | Entangling Roots |
| 2:12 | Wisp |
| 2:21 | Wisp |
| 3:25 | Wisp |
| 3:25 | Wisp |
| 3:41 | Wisp |
| 3:41 | Wisp |
| 4:03 | Wisp |
| 4:28 | Tree of Life |
| 4:40 | Tree of Ages |
| 4:52 | Moon Well |
| 5:11 | Moon Well |
| 5:18 | Thorns Aura |
| 6:18 | Tree of Life |
| 6:41 | Boots of Speed |
| 6:41 | Staff of Teleportation |
| 7:34 | Tree of Eternity |
| 8:03 | Searing Arrows |
| 8:20 | Ancient of Wonders |
| 8:22 | Hunter's Hall |
| 8:41 | Ancient of Wonders |
| 8:44 | Ancient of Wonders |
| 9:14 | Wisp |
| 9:14 | Wisp |
| 9:14 | Wisp |
| 9:14 | Wisp |
| 9:15 | Wisp |
| 9:24 | Ultravision |
| 9:26 | Moon Well |
| 10:04 | Entangling Roots |
| 10:27 | Frost Arrows |
| 10:45 | Well Spring |
| 10:46 | Wisp |
| 10:46 | Wisp |
| 10:47 | Wisp |
| 10:47 | Wisp |
| 11:00 | Tree of Life |
| 11:18 | Trueshot Aura |
| 12:00 | Boots of Speed |
| 12:01 | Circlet of Nobility |
| 12:01 | Staff of Teleportation |
| 12:44 | Wisp |
| 12:50 | Tree of Life |
| 13:36 | Wisp |
| 13:37 | Wisp |
| 13:37 | Wisp |
| 13:37 | Wisp |
| 13:38 | Wisp |
| 13:52 | Orb of Venom |
| 13:53 | Staff of Sanctuary |
| 14:50 | Forked Lightning |
| 15:33 | Wisp |
| 15:33 | Wisp |
| 15:33 | Wisp |
| 15:35 | Wisp |
| 15:35 | Wisp |
| 16:22 | Ancient of Wind |
| 16:23 | Ancient of Wind |
| 16:24 | Strength of the Wild |
| 16:25 | Reinforced Hides |
| 17:07 | Circlet of Nobility |
| 17:07 | Periapt of Vitality |
| 17:07 | Boots of Speed |
| 17:08 | Staff of Teleportation |
| 17:19 | Thorns Aura |
| 17:21 | Trueshot Aura |
| 17:33 | Moon Well |
| 17:33 | Moon Well |
| 17:38 | Improved Strength of the Wild |
| 17:41 | Circlet of Nobility |
| 17:46 | Periapt of Vitality |
| 18:01 | Staff of Sanctuary |
| 18:53 | Tree of Life |
| 19:32 | Frost Arrows |
| 20:11 | Searing Arrows |
| 20:32 | Advanced Strength of the Wild |
| 20:32 | Improved Reinforced Hides |
| 20:40 | Moon Well |
| 20:41 | Moon Well |
| 21:25 | Staff of Sanctuary |
| 21:45 | Circlet of Nobility |
| 22:07 | Forked Lightning |
| 22:14 | Tree of Life |
| 22:32 | Tree of Life |
| 22:53 | Entangling Roots |
| 25:52 | Wisp |
| 25:52 | Wisp |
| 25:54 | Wisp |
| 28:04 | Trueshot Aura |
| 28:11 | Tree of Life |
| 28:19 | Frost Arrows |
| 28:56 | Tree of Life |
| 28:58 | Nature's Blessing |
| 29:00 | Advanced Reinforced Hides |
| 29:02 | Wisp |
| 29:02 | Wisp |
| 29:03 | Wisp |
| 29:03 | Wisp |
| 29:03 | Wisp |
| 29:38 | Wisp |
| 29:38 | Wisp |
| 29:38 | Wisp |
| 29:38 | Wisp |
| 29:38 | Wisp |
| 29:39 | Wisp |
| 29:39 | Wisp |
| 30:33 | Tree of Life |
| 30:36 | Tree of Life |
| 30:37 | Tree of Life |
| 30:41 | Tranquility |
| 32:00 | Wisp |
| 32:01 | Wisp |
| 32:01 | Wisp |
| 32:02 | Wisp |
| 32:52 | Wisp |
| 32:52 | Wisp |
| 32:52 | Wisp |
| 32:53 | Wisp |
| 33:01 | Wisp |
| 33:02 | Wisp |
| 33:02 | Wisp |
| 33:02 | Wisp |
| Right click | 1667 |
| Select group | 1169 |
| Select | 329 |
| Resource trade | 229 |
| Build/train/purchase | 175 |
| Chat | 139 |
| Use ability | 84 |
| Misc. action | 46 |
| Minimap ping | 22 |
| Item give/drop | 7 |
| Assign group | 6 |



x1)
| Potion of Healing | 1 | 150 |
| Staff of Sanctuary | 3 | 750 |
| Orb of Fire | 1 | 325 |
| Staff of Teleportation | 1 | 150 |
| Boots of Speed | 3 | 750 |
| Tome of Retraining | 1 | 300 |
| Orb of Venom | 1 | 325 |
| total: | 11 | 2750g |
| Peasant | 15 | 1125 | / | 0 |
| Priest | 1 | 135 | / | 10 |
| Dragonhawk Rider | 19 | 3800 | / | 570 |
| total: | 35 | 5060g | / | 580w |
| Scout Tower | 73 | 2190 | / | 1460 |
| Arcane Tower | 3 | 210 | / | 150 |
| Guard Tower | 54 | 3780 | / | 2700 |
| Altar of Kings | 1 | 180 | / | 50 |
| Farm | 7 | 560 | / | 140 |
| Lumber Mill | 1 | 120 | / | 0 |
| Arcane Vault | 2 | 260 | / | 60 |
| Blacksmith | 1 | 140 | / | 60 |
| Barracks | 1 | 160 | / | 60 |
| Town Hall | 2 | 770 | / | 410 |
| Gryphon Aviary | 2 | 280 | / | 300 |
| Arcane Sanctum | 1 | 150 | / | 140 |
| Keep | 1 | 320 | / | 210 |
| Castle | 1 | 360 | / | 210 |
| total: | 91 | 4810g | / | 2680w |
| 0:01 | Peasant |
| 0:02 | Peasant |
| 0:02 | Peasant |
| 0:07 | Altar of Kings |
| 0:18 | Farm |
| 0:24 | Peasant |
| 0:27 | Lumber Mill |
| 0:43 | Peasant |
| 0:45 | Peasant |
| 1:13 | Scout Tower |
| 1:15 | Scout Tower |
| 1:18 | Farm |
| 1:19 | Peasant |
| 1:27 | Scout Tower |
| 1:28 | Peasant |
| 1:35 | Peasant |
| 1:41 | Arcane Tower |
| 1:45 | Scout Tower |
| 1:46 | Peasant |
| 2:05 | Guard Tower |
| 2:07 | Blizzard |
| 2:20 | Scout Tower |
| 2:22 | Peasant |
| 2:22 | Peasant |
| 2:22 | Peasant |
| 2:22 | Peasant |
| 2:34 | Peasant |
| 2:53 | Guard Tower |
| 3:18 | Scout Tower |
| 3:34 | Keep |
| 3:55 | Guard Tower |
| 3:56 | Guard Tower |
| 3:58 | Scout Tower |
| 3:59 | Scout Tower |
| 3:59 | Scout Tower |
| 4:00 | Scout Tower |
| 4:00 | Scout Tower |
| 4:01 | Brilliance Aura |
| 4:12 | Farm |
| 4:13 | Farm |
| 4:32 | Staff of Teleportation |
| 4:32 | Boots of Speed |
| 4:44 | Guard Tower |
| 5:32 | Scout Tower |
| 5:33 | Scout Tower |
| 5:33 | Scout Tower |
| 5:47 | Scout Tower |
| 5:48 | Scout Tower |
| 5:49 | Scout Tower |
| 5:49 | Scout Tower |
| 5:49 | Scout Tower |
| 6:05 | Guard Tower |
| 6:05 | Guard Tower |
| 6:15 | Guard Tower |
| 6:15 | Guard Tower |
| 6:21 | Guard Tower |
| 6:22 | Scout Tower |
| 6:22 | Scout Tower |
| 6:25 | Scout Tower |
| 6:26 | Scout Tower |
| 6:28 | Scout Tower |
| 6:29 | Scout Tower |
| 6:31 | Improved Masonry |
| 7:02 | Gryphon Aviary |
| 7:12 | Storm Bolt |
| 7:33 | Guard Tower |
| 7:33 | Guard Tower |
| 7:35 | Arcane Sanctum |
| 7:37 | Advanced Masonry |
| 7:46 | Guard Tower |
| 7:46 | Guard Tower |
| 7:48 | Arcane Tower |
| 8:24 | Guard Tower |
| 8:26 | Arcane Vault |
| 8:29 | Arcane Vault |
| 8:32 | Guard Tower |
| 9:11 | Priest |
| 9:11 | Magic Sentry |
| 9:21 | Gryphon Aviary |
| 9:22 | Scout Tower |
| 9:24 | Blizzard |
| 9:37 | Scout Tower |
| 9:38 | Scout Tower |
| 9:42 | Potion of Healing |
| 9:53 | Dragonhawk Rider |
| 9:56 | Farm |
| 9:57 | Farm |
| 10:16 | Guard Tower |
| 10:17 | Dragonhawk Rider |
| 10:22 | Blacksmith |
| 10:41 | Bash |
| 10:45 | Dragonhawk Rider |
| 10:55 | Dragonhawk Rider |
| 11:02 | Castle |
| 11:14 | Dragonhawk Rider |
| 11:17 | Farm |
| 11:23 | Arcane Tower |
| 11:59 | Scout Tower |
| 11:59 | Scout Tower |
| 12:00 | Scout Tower |
| 12:00 | Scout Tower |
| 12:16 | Scout Tower |
| 12:19 | Scout Tower |
| 12:20 | Guard Tower |
| 12:27 | Guard Tower |
| 12:29 | Scout Tower |
| 12:30 | Scout Tower |
| 12:31 | Scout Tower |
| 12:31 | Scout Tower |
| 13:21 | Guard Tower |
| 13:21 | Guard Tower |
| 13:21 | Guard Tower |
| 14:06 | Dragonhawk Rider |
| 14:07 | Dragonhawk Rider |
| 14:37 | Holy Light |
| 14:51 | Dragonhawk Rider |
| 14:53 | Dragonhawk Rider |
| 15:07 | Guard Tower |
| 15:18 | Guard Tower |
| 15:25 | Dragonhawk Rider |
| 15:31 | Staff of Sanctuary |
| 15:33 | Orb of Fire |
| 15:40 | Staff of Sanctuary |
| 15:52 | Guard Tower |
| 15:54 | Scout Tower |
| 15:55 | Scout Tower |
| 15:56 | Scout Tower |
| 15:56 | Scout Tower |
| 15:56 | Scout Tower |
| 15:57 | Scout Tower |
| 16:04 | Cloud |
| 16:14 | Orb of Venom |
| 16:25 | Guard Tower |
| 16:44 | Guard Tower |
| 17:01 | Dragonhawk Rider |
| 17:08 | Guard Tower |
| 17:08 | Guard Tower |
| 17:08 | Guard Tower |
| 17:13 | Scout Tower |
| 17:14 | Scout Tower |
| 17:18 | Scout Tower |
| 17:18 | Scout Tower |
| 17:27 | Dragonhawk Rider |
| 17:32 | Barracks |
| 17:33 | Iron Forged Swords |
| 17:33 | Studded Leather Armor |
| 17:59 | Staff of Sanctuary |
| 18:02 | Boots of Speed |
| 18:19 | Boots of Speed |
| 19:24 | Guard Tower |
| 19:26 | Scout Tower |
| 19:27 | Scout Tower |
| 19:27 | Scout Tower |
| 19:27 | Scout Tower |
| 19:28 | Scout Tower |
| 19:28 | Scout Tower |
| 19:29 | Scout Tower |
| 19:29 | Scout Tower |
| 19:29 | Scout Tower |
| 19:30 | Scout Tower |
| 19:46 | Brilliance Aura |
| 20:10 | Thunder Clap |
| 20:24 | Dragonhawk Rider |
| 20:25 | Dragonhawk Rider |
| 20:26 | Dragonhawk Rider |
| 20:26 | Dragonhawk Rider |
| 20:27 | Dragonhawk Rider |
| 20:32 | Devotion Aura |
| 20:51 | Tome of Retraining |
| 20:51 | Retrain Hero |
| 20:52 | Holy Light |
| 20:52 | Divine Shield |
| 20:59 | Guard Tower |
| 21:03 | Animal War Training |
| 21:04 | Reinforced Leather Armor |
| 21:17 | Scout Tower |
| 21:18 | Scout Tower |
| 21:18 | Scout Tower |
| 21:18 | Scout Tower |
| 21:29 | Guard Tower |
| 21:32 | Town Hall |
| 21:33 | Scout Tower |
| 21:33 | Scout Tower |
| 21:34 | Scout Tower |
| 21:34 | Scout Tower |
| 21:34 | Scout Tower |
| 21:55 | Guard Tower |
| 22:19 | Guard Tower |
| 22:22 | Scout Tower |
| 22:23 | Scout Tower |
| 22:24 | Scout Tower |
| 22:24 | Scout Tower |
| 22:25 | Scout Tower |
| 22:25 | Scout Tower |
| 22:37 | Steel Forged Swords |
| 22:37 | Dragonhide Armor |
| 24:31 | Holy Light |
| 25:01 | Storm Bolt |
| 25:46 | Guard Tower |
| 26:04 | Town Hall |
| 26:05 | Guard Tower |
| 26:06 | Dragonhawk Rider |
| 26:09 | Dragonhawk Rider |
| 26:55 | Blizzard |
| 32:11 | Divine Shield |
| Right click | 2757 |
| Select group | 1014 |
| Select | 680 |
| Chat | 205 |
| Use ability | 203 |
| Build/train/purchase | 196 |
| Assign group | 36 |
| Misc. action | 21 |
| Minimap ping | 19 |
| Item give/drop | 11 |
| Remove unit | 1 |



| Scroll of Regeneration | 2 | 200 |
| Boots of Speed | 3 | 750 |
| Staff of Teleportation | 2 | 300 |
| Orb of Venom | 2 | 650 |
| total: | 9 | 1900g |
| Peasant | 34 | 2550 | / | 0 |
| Dragonhawk Rider | 14 | 2800 | / | 420 |
| total: | 48 | 5350g | / | 420w |
| Scout Tower | 73 | 2190 | / | 1460 |
| Arcane Tower | 8 | 560 | / | 400 |
| Guard Tower | 42 | 2940 | / | 2100 |
| Altar of Kings | 1 | 180 | / | 50 |
| Lumber Mill | 1 | 120 | / | 0 |
| Farm | 6 | 480 | / | 120 |
| Arcane Vault | 2 | 260 | / | 60 |
| Town Hall | 7 | 2695 | / | 1435 |
| Barracks | 3 | 480 | / | 180 |
| Blacksmith | 3 | 420 | / | 180 |
| Gryphon Aviary | 2 | 280 | / | 300 |
| Keep | 3 | 960 | / | 630 |
| Castle | 2 | 720 | / | 420 |
| total: | 98 | 7105g | / | 3785w |
| 0:02 | Peasant |
| 0:04 | Altar of Kings |
| 0:09 | Peasant |
| 0:23 | Lumber Mill |
| 0:24 | Peasant |
| 0:30 | Farm |
| 0:34 | Peasant |
| 0:49 | Peasant |
| 0:59 | Farm |
| 1:06 | Peasant |
| 1:18 | Peasant |
| 1:23 | Scout Tower |
| 1:26 | Scout Tower |
| 1:27 | Peasant |
| 1:35 | Arcane Vault |
| 1:36 | Peasant |
| 1:38 | Scout Tower |
| 1:42 | Peasant |
| 1:48 | Improved Masonry |
| 1:52 | Arcane Tower |
| 1:53 | Scout Tower |
| 1:59 | Peasant |
| 2:04 | Scout Tower |
| 2:06 | Arcane Tower |
| 2:08 | Blizzard |
| 2:13 | Peasant |
| 2:21 | Guard Tower |
| 2:22 | Scout Tower |
| 2:31 | Scout Tower |
| 2:35 | Guard Tower |
| 2:44 | Peasant |
| 3:13 | Peasant |
| 3:16 | Scout Tower |
| 3:16 | Scout Tower |
| 3:17 | Guard Tower |
| 3:18 | Guard Tower |
| 3:19 | Scout Tower |
| 3:19 | Scout Tower |
| 3:21 | Scout Tower |
| 3:22 | Scout Tower |
| 3:22 | Scout Tower |
| 3:33 | Keep |
| 4:12 | Guard Tower |
| 4:13 | Scout Tower |
| 4:15 | Arcane Vault |
| 4:28 | Town Hall |
| 4:33 | Town Hall |
| 4:35 | Scout Tower |
| 4:36 | Scout Tower |
| 4:38 | Brilliance Aura |
| 4:41 | Guard Tower |
| 4:43 | Guard Tower |
| 4:48 | Scout Tower |
| 4:49 | Scout Tower |
| 4:50 | Scout Tower |
| 4:50 | Scout Tower |
| 5:37 | Arcane Tower |
| 5:37 | Guard Tower |
| 5:58 | Guard Tower |
| 6:01 | Scout Tower |
| 6:02 | Scout Tower |
| 6:10 | Peasant |
| 6:10 | Peasant |
| 6:10 | Peasant |
| 6:15 | Guard Tower |
| 6:27 | Scout Tower |
| 6:27 | Scout Tower |
| 6:28 | Scout Tower |
| 6:29 | Scout Tower |
| 6:42 | Peasant |
| 6:43 | Guard Tower |
| 6:44 | Peasant |
| 6:44 | Peasant |
| 6:44 | Peasant |
| 7:14 | Boots of Speed |
| 7:14 | Staff of Teleportation |
| 7:20 | Guard Tower |
| 7:30 | Guard Tower |
| 7:31 | Scout Tower |
| 7:33 | Guard Tower |
| 7:36 | Peasant |
| 7:40 | Arcane Tower |
| 7:41 | Scout Tower |
| 7:41 | Scout Tower |
| 8:03 | Castle |
| 8:09 | Blizzard |
| 8:20 | Scout Tower |
| 8:21 | Scout Tower |
| 8:35 | Guard Tower |
| 8:37 | Scout Tower |
| 8:40 | Scout Tower |
| 8:40 | Scout Tower |
| 8:41 | Scout Tower |
| 8:50 | Guard Tower |
| 8:51 | Guard Tower |
| 8:51 | Improved Lumber Harvesting |
| 8:54 | Peasant |
| 8:54 | Peasant |
| 8:59 | Arcane Tower |
| 9:01 | Scout Tower |
| 9:01 | Scout Tower |
| 9:04 | Scroll of Regeneration |
| 9:14 | Storm Bolt |
| 9:42 | Arcane Tower |
| 9:45 | Guard Tower |
| 9:46 | Advanced Masonry |
| 9:50 | Scout Tower |
| 9:51 | Scout Tower |
| 10:02 | Guard Tower |
| 10:03 | Scout Tower |
| 10:05 | Guard Tower |
| 10:05 | Guard Tower |
| 10:20 | Guard Tower |
| 10:22 | Guard Tower |
| 10:24 | Scout Tower |
| 10:25 | Scout Tower |
| 10:33 | Guard Tower |
| 10:37 | Scout Tower |
| 10:38 | Farm |
| 10:38 | Farm |
| 10:45 | Guard Tower |
| 10:46 | Scout Tower |
| 10:48 | Peasant |
| 10:48 | Peasant |
| 10:48 | Peasant |
| 11:28 | Guard Tower |
| 11:29 | Scout Tower |
| 11:30 | Scout Tower |
| 11:34 | Guard Tower |
| 11:34 | Scout Tower |
| 11:54 | Town Hall |
| 11:58 | Scout Tower |
| 11:58 | Scout Tower |
| 11:59 | Scout Tower |
| 12:00 | Scout Tower |
| 12:00 | Scout Tower |
| 12:01 | Scout Tower |
| 12:02 | Scout Tower |
| 12:02 | Scout Tower |
| 12:03 | Scout Tower |
| 12:03 | Scout Tower |
| 12:04 | Brilliance Aura |
| 12:13 | Guard Tower |
| 12:14 | Scout Tower |
| 12:14 | Scout Tower |
| 12:36 | Imbued Masonry |
| 12:41 | Holy Light |
| 12:50 | Bash |
| 13:07 | Guard Tower |
| 13:09 | Gryphon Aviary |
| 13:11 | Barracks |
| 13:12 | Blacksmith |
| 13:25 | Guard Tower |
| 13:31 | Barracks |
| 13:32 | Blacksmith |
| 13:35 | Gryphon Aviary |
| 14:08 | Guard Tower |
| 14:19 | Scout Tower |
| 14:19 | Scout Tower |
| 14:20 | Scout Tower |
| 14:20 | Scout Tower |
| 14:21 | Scout Tower |
| 14:21 | Scout Tower |
| 14:25 | Guard Tower |
| 14:38 | Dragonhawk Rider |
| 14:44 | Town Hall |
| 14:57 | Boots of Speed |
| 14:58 | Staff of Teleportation |
| 15:08 | Dragonhawk Rider |
| 15:23 | Town Hall |
| 15:37 | Guard Tower |
| 15:44 | Divine Shield |
| 15:48 | Boots of Speed |
| 15:54 | Guard Tower |
| 16:10 | Guard Tower |
| 16:15 | Animal War Training |
| 16:16 | Iron Forged Swords |
| 16:16 | Studded Leather Armor |
| 16:18 | Farm |
| 16:18 | Farm |
| 17:00 | Guard Tower |
| 17:30 | Steel Forged Swords |
| 17:39 | Dragonhawk Rider |
| 17:47 | Guard Tower |
| 17:55 | Orb of Venom |
| 18:00 | Town Hall |
| 18:39 | Dragonhawk Rider |
| 18:47 | Storm Bolt |
| 18:53 | Town Hall |
| 19:55 | Barracks |
| 19:56 | Blacksmith |
| 19:57 | Guard Tower |
| 20:42 | Dragonhawk Rider |
| 20:42 | Dragonhawk Rider |
| 20:43 | Peasant |
| 20:43 | Peasant |
| 20:43 | Peasant |
| 20:46 | Peasant |
| 20:51 | Keep |
| 20:52 | Peasant |
| 20:52 | Peasant |
| 20:52 | Peasant |
| 21:18 | Reinforced Leather Armor |
| 21:21 | Scout Tower |
| 21:21 | Scout Tower |
| 21:22 | Scout Tower |
| 21:22 | Scout Tower |
| 21:23 | Scout Tower |
| 21:23 | Scout Tower |
| 21:24 | Scout Tower |
| 21:34 | Scroll of Regeneration |
| 21:42 | Orb of Venom |
| 21:50 | Guard Tower |
| 22:09 | Dragonhawk Rider |
| 22:45 | Guard Tower |
| 24:17 | Blizzard |
| 24:29 | Holy Light |
| 24:43 | Dragonhawk Rider |
| 24:43 | Dragonhawk Rider |
| 24:43 | Dragonhawk Rider |
| 24:52 | Castle |
| 24:53 | Mithril Forged Swords |
| 24:53 | Dragonhide Armor |
| 25:05 | Bash |
| 26:35 | Dragonhawk Rider |
| 28:26 | Cloud |
| 28:55 | Dragonhawk Rider |
| 28:58 | Dragonhawk Rider |
| 29:52 | Dragonhawk Rider |
| 30:49 | Devotion Aura |
| 32:22 | Mass Teleport |
| Right click | 1814 |
| Select group | 925 |
| Assign group | 612 |
| Select | 568 |
| Chat | 330 |
| Build/train/purchase | 211 |
| Use ability | 156 |
| Misc. action | 94 |
| Minimap ping | 4 |
| Item give/drop | 3 |
| Remove unit | 2 |
⇛